Red Wings vs Coyotes
Created - 19 janvier 2014 at 19:03
Goals
|
| Red Wings |
2 |
0 |
2 |
4 |
| Coyotes |
1 |
3 |
2 |
6 |
|
Shots
|
| Red Wings |
15 |
12 |
8 |
35 |
| Coyotes |
3 |
16 |
10 |
29 |
|
1st period
1. Coyotes , Tim Connolly 20 (Denis Grebeshkov, Marian Gaborik) at 15:44 (PP)
2. Red Wings , Jason Spezza 33 (Martin Havlat, Paul Martin) at 17:15 (PP)
3. Red Wings , Martin Havlat 23 (Jason Spezza, Rick Nash) at 17:28
Penalties :
Brenden Morrow (Pho) for Holding Stick (Minor) at 5:09, Rick Nash (Det) for Holding Stick (Minor) at 5:29, Marian Gaborik (Pho) for Tripping (Minor) at 8:18, Peter Schaefer (Det) for Holding (Minor) at 12:18, Nathan Horton (Det) for Tripping (Minor) at 15:27, Frans Nielsen (Pho) for High sticking (Minor) at 16:28
2nd period
4. Coyotes , Marian Gaborik 26 (Tim Connolly, Brenden Morrow) at 0:32 (PP)
5. Coyotes , Brenden Morrow 11 (Lukas Krajicek, Tim Connolly) at 4:43
6. Coyotes , Marian Gaborik 27 (Brenden Morrow) at 12:21
Penalties :
Martin Havlat (Det) for Hooking (Minor) at 0:19, Tom Poti (Pho) for High sticking (Minor) at 2:32, Peter Schaefer (Det) for Roughing (Minor) at 13:39, Bill Guerin (Pho) for Holding (Minor) at 13:46, Chad Larose (Pho) for Holding (Minor) at 18:18
3rd period
7. Red Wings , Brian Sutherby 7 (Lubos Bartecko, Peter Schaefer) at 4:33
8. Coyotes , Brenden Morrow 12 (Denis Grebeshkov) at 10:49
9. Red Wings , Rick Nash 18 (Martin Havlat, Jason Spezza) at 12:19 (PP)
10. Coyotes , Lukas Krajicek 3 (Bill Guerin) at 19:38 (PP)
Penalties :
Nathan Horton (Det) for Holding (Minor) at 1:01, Bill Guerin (Pho) for High sticking (Minor) at 12:07, Jason Spezza (Det) for Hooking (Minor) at 15:18, Jonathan Sigalet (Det) for High sticking (Minor) at 19:02
Goalie Stats
Jonathan Quick (Det), 13 saves from 17 shots - (0,765), 32:21 minutes
Robert Esche (Det), 10 saves from 12 shots - (0,833), L, 4-11-0, 27:39 minutes
Ryan Miller (Pho), 31 saves from 35 shots - (0,886), W, 18-18-3, 60:00 minutes
Players Stats for Red Wings
Player Name G A P +/- PIM S H SB GA TA FO MP PP MP PK MP
------------------------------------------------------------------------------------
Brian Sutherby 1 0 1 1 0 2 0 0 0 0 3/3 10:24 0:00 1:22
Christian Laflamme 0 0 0 0 0 1 1 0 0 0 0/0 20:54 2:44 1:38
Donald Brashear 0 0 0 -1 0 5 2 0 0 0 0/0 17:27 2:21 2:38
Glen Murray 0 0 0 -1 0 1 2 0 0 0 0/0 12:47 2:21 0:00
Jason Spezza 1 2 3 0 2 2 1 0 2 0 19/40 22:54 5:02 3:36
Jonathan Sigalet 0 0 0 0 2 0 2 0 0 0 0/0 12:17 0:00 0:49
Kim Johnsson 0 0 0 -1 0 3 1 1 1 2 0/0 26:48 4:39 5:03
Lubos Bartecko 0 1 1 1 0 0 0 0 0 0 0/0 8:48 0:00 0:00
Martin Havlat 1 2 3 0 2 5 4 0 1 2 1/2 20:39 5:02 1:05
Maxim Kondratiev 0 0 0 0 0 0 0 1 0 0 0/0 12:18 0:00 0:49
Mike Richards 0 0 0 -1 0 1 0 1 0 1 4/8 9:36 0:00 0:12
Nathan Horton 0 0 0 -1 4 1 0 0 2 0 1/3 10:46 0:00 1:18
Paul Martin 0 1 1 0 0 2 0 1 0 0 0/0 20:54 2:44 1:38
Peter Schaefer 0 1 1 1 4 0 0 0 0 0 0/1 9:43 0:00 0:06
Rick Nash 1 1 2 0 2 4 2 1 1 1 2/3 23:04 5:01 4:43
Sean Bergenheim 0 0 0 -1 0 1 1 1 1 0 0/0 9:57 0:00 0:00
Shawn Horcoff 0 0 0 -1 0 5 1 0 1 0 5/9 12:47 2:21 0:00
Shea Weber 0 0 0 -1 0 2 3 2 0 0 0/0 26:48 4:39 5:03
Players Stats for Coyotes
Player Name G A P +/- PIM S H SB GA TA FO MP PP MP PK MP
------------------------------------------------------------------------------------
Bill Guerin 0 1 1 0 4 0 1 0 0 0 0/0 13:17 2:49 0:00
Brenden Morrow 2 2 4 2 2 5 1 0 0 0 0/3 21:51 4:40 1:10
Chad Larose 0 0 0 -1 2 1 0 1 0 0 5/9 12:31 0:00 3:24
Craig Adams 0 0 0 0 0 1 1 2 0 0 1/4 10:48 0:20 2:46
Denis Grebeshkov 0 2 2 1 0 0 0 2 1 0 0/0 23:00 4:28 3:05
Drew Miller 0 0 0 0 0 5 0 1 0 0 0/1 17:54 2:50 4:52
Frans Nielsen 0 0 0 0 2 1 1 0 1 0 6/11 16:15 2:50 2:09
Jiri Fischer 0 0 0 1 0 0 0 3 1 0 0/0 17:33 0:20 2:35
Joël Perrault 0 0 0 0 0 0 0 0 0 0 1/1 7:18 0:00 0:25
Kurt Sauer 0 0 0 -1 0 1 0 1 0 3 0/0 23:53 0:00 4:48
Lukas Krajicek 1 1 2 1 0 2 0 1 1 1 0/0 14:28 3:02 0:51
Marian Gaborik 2 1 3 2 2 4 2 1 0 1 0/0 21:39 4:20 0:00
Maxim Lapierre 0 0 0 -1 0 0 0 0 0 0 2/3 8:51 0:00 0:00
Riley Cote 0 0 0 0 0 0 3 0 0 1 0/0 6:39 0:00 0:00
Sami Lepisto 0 0 0 1 0 0 0 0 0 1 0/0 13:33 3:02 0:00
Sergei Samsonov 0 0 0 -1 0 1 0 0 1 0 0/1 10:19 0:20 0:00
Tim Connolly 1 2 3 2 0 5 2 0 0 1 19/36 21:38 4:20 0:00
Tom Poti 0 0 0 -1 2 3 2 3 1 1 0/0 27:32 4:08 3:27
3 Stars
1 - Brenden Morrow (Pho)
2 - Marian Gaborik (Pho)
3 - Tim Connolly (Pho)
Power Play
Red Wings - 2 on 7 Attempt(s) - 28,57%
Coyotes - 3 on 8 Attempt(s) - 37,50%
Penalty Kill
Red Wings - 5 on 8 Attempt(s) - 62,50%
- Score 0 goal in Penalty Kill
Coyotes - 5 on 7 Attempt(s) - 71,43%
- Score 0 goal in Penalty Kill
Official
Referees : Kowal Tom and Hasenfratz Mike
Linesman : Tony Sericolo and Steve Miller
Game Notes
Robert Esche enters game at 12:21 of 2nd period
Finance
Level 1 -- Attendance: 3876 (64,60%) -- Ticket Income 368 220 $
Level 2 -- Attendance: 3728 (74,56%) -- Ticket Income 212 496 $
Level 3 -- Attendance: 1512 (75,60%) -- Ticket Income 48 384 $
Level 4 -- Attendance: 3811 (95,28%) -- Ticket Income 68 598 $
Luxury Box -- Attendance: 638 (63,80%) -- Ticket Income 121 220 $
Game was played at the The Pack Center
Total Attendance: 13565 (75,36%)
Total Ticket Income: 818 918 $
Other Income: 122 838 $
Total Income: 941 756 $
Red Wings
5 vs 5 Forward
Center Left Wing Right Wing Time % Phy DF OF
1 Jason Spezza Rick Nash Martin Havlat 40 1 2 2
2 Shawn Horcoff Donald Brashear Glen Murray 30 1 2 2
3 Mike Richards Sean Bergenheim Nathan Horton 20 1 2 2
4 Brian Sutherby Peter Schaefer Lubos Bartecko 10 1 2 2
5 vs 5 Defense
Defense Defense Time % Phy DF OF
1 Kim Johnsson Shea Weber 40 1 2 2
2 Paul Martin Christian Laflamme 30 1 2 2
3 Maxim Kondratiev Jonathan Sigalet 20 1 2 2
4 Kim Johnsson Shea Weber 10 1 2 2
PowerPlay Forward
Center Left Wing Right Wing Time % Phy DF OF
1 Jason Spezza Rick Nash Martin Havlat 60 1 2 2
2 Shawn Horcoff Donald Brashear Glen Murray 40 1 2 2
PowerPlay Defense
Defense Defense Time % Phy DF OF
1 Kim Johnsson Shea Weber 60 1 2 2
2 Paul Martin Christian Laflamme 40 1 2 2
Penalty Kill 4 Players Forward
Center Wing Time % Phy DF OF
1 Jason Spezza Rick Nash 60 1 2 2
2 Martin Havlat Donald Brashear 40 1 2 2
Penalty Kill 4 Players Defense
Defense Defense Time % Phy DF OF
1 Kim Johnsson Shea Weber 60 1 2 2
2 Paul Martin Christian Laflamme 40 1 2 2
Penalty Kill - 3 Players Forward
Forward Time % Phy DF OF
1 Jason Spezza 60 1 2 2
2 Rick Nash 40 1 2 2
Penalty Kill - 3 Players Defense
Defense Defense Time % Phy DF OF
1 Kim Johnsson Shea Weber 60 1 2 2
2 Paul Martin Christian Laflamme 40 1 2 2
4 vs 4 Forward
Center Wing Time % Phy DF OF
1 Jason Spezza Rick Nash 60 1 2 2
2 Martin Havlat Donald Brashear 40 1 2 2
4 vs 4 Defense
Defense Defense Time % Phy DF OF
1 Kim Johnsson Shea Weber 60 1 2 2
2 Paul Martin Christian Laflamme 40 1 2 2
Last Minutes Offensive
Center Left Wing Right Wing Defense Defense
Jason Spezza Rick Nash Martin Havlat Kim Johnsson Shea Weber
Last Minutes Defensive
Center Left Wing Right Wing Defense Defense
Jason Spezza Rick Nash Martin Havlat Kim Johnsson Shea Weber
Goaltenders
Starting : Jonathan Quick
Backup : Robert Esche
Extra Forwards
Normal : Sean Bergenheim, Mike Richards, Nathan Horton - PP : Sean Bergenheim, Mike Richards - PK : Nathan Horton
Extra Defensemen
Normal : Maxim Kondratiev, Jonathan Sigalet, Paul Martin - PP : Maxim Kondratiev - PK : Jonathan Sigalet, Paul Martin
Penalty Shots
Jason Spezza, Rick Nash, Martin Havlat, Donald Brashear, Glen Murray
Coyotes
5 vs 5 Forward
Center Left Wing Right Wing Time % Phy DF OF
1 Tim Connolly Brenden Morrow Marian Gaborik 40 1 2 2
2 Frans Nielsen Drew Miller Bill Guerin 30 1 2 2
3 Maxim Lapierre Sergei Samsonov Chad Larose 20 1 2 2
4 Joël Perrault Riley Cote Craig Adams 10 1 2 2
5 vs 5 Defense
Defense Defense Time % Phy DF OF
1 Tom Poti Kurt Sauer 40 1 2 2
2 Denis Grebeshkov Jiri Fischer 30 1 2 2
3 Sami Lepisto Lukas Krajicek 20 1 2 2
4 Tom Poti Kurt Sauer 10 1 2 2
PowerPlay Forward
Center Left Wing Right Wing Time % Phy DF OF
1 Tim Connolly Brenden Morrow Marian Gaborik 60 1 2 2
2 Frans Nielsen Drew Miller Bill Guerin 40 1 2 2
PowerPlay Defense
Defense Defense Time % Phy DF OF
1 Tom Poti Denis Grebeshkov 60 1 2 2
2 Sami Lepisto Lukas Krajicek 40 1 2 2
Penalty Kill 4 Players Forward
Center Wing Time % Phy DF OF
1 Chad Larose Drew Miller 60 1 2 2
2 Frans Nielsen Craig Adams 40 1 2 2
Penalty Kill 4 Players Defense
Defense Defense Time % Phy DF OF
1 Tom Poti Kurt Sauer 60 1 2 2
2 Denis Grebeshkov Jiri Fischer 40 1 2 2
Penalty Kill - 3 Players Forward
Forward Time % Phy DF OF
1 Chad Larose 60 1 2 2
2 Drew Miller 40 1 2 2
Penalty Kill - 3 Players Defense
Defense Defense Time % Phy DF OF
1 Tom Poti Kurt Sauer 60 1 2 2
2 Denis Grebeshkov Jiri Fischer 40 1 2 2
4 vs 4 Forward
Center Wing Time % Phy DF OF
1 Tim Connolly Marian Gaborik 60 1 2 2
2 Frans Nielsen Brenden Morrow 40 1 2 2
4 vs 4 Defense
Defense Defense Time % Phy DF OF
1 Tom Poti Kurt Sauer 60 1 2 2
2 Denis Grebeshkov Jiri Fischer 40 1 2 2
Last Minutes Offensive
Center Left Wing Right Wing Defense Defense
Tim Connolly Brenden Morrow Marian Gaborik Tom Poti Denis Grebeshkov
Last Minutes Defensive
Center Left Wing Right Wing Defense Defense
Frans Nielsen Drew Miller Chad Larose Tom Poti Kurt Sauer
Goaltenders
Starting : Ryan Miller
Backup : Al Montoya
Extra Forwards
Normal : Bill Guerin, Sergei Samsonov, Craig Adams - PP : Bill Guerin, Sergei Samsonov - PK : Craig Adams
Extra Defensemen
Normal : Sami Lepisto, Lukas Krajicek, Denis Grebeshkov - PP : Sami Lepisto - PK : Lukas Krajicek, Denis Grebeshkov
Penalty Shots
Marian Gaborik, Brenden Morrow, Bill Guerin, Tim Connolly, Frans Nielsen
% Time on Ice - Red Wings
Lines # - Real PCT - Wanted PCT - Time Play
Normal Forward
1 - 30% - 40% - 12:29
2 - 29% - 30% - 12:09
3 - 20% - 20% - 8:10
4 - 21% - 10% - 8:48
Normal Defense
1 - 38% - 40% - 15:36
2 - 36% - 30% - 14:55
3 - 25% - 20% - 10:30
4 - 1% - 10% - 0:35
PP Forward
1 - 68% - 60% - 5:02
2 - 32% - 40% - 2:21
PP Defense
1 - 63% - 60% - 4:39
2 - 37% - 40% - 2:44
PK Forward
1 - 86% - 60% - 6:25
2 - 14% - 40% - 1:05
PK Defense
1 - 78% - 60% - 5:52
2 - 22% - 40% - 1:38
PK3 Forward
1 - 0% - 60%
2 - 0% - 40%
PK3 Defense
1 - 0% - 60%
2 - 0% - 40%
44 Forward
1 - 76% - 60% - 2:41
2 - 24% - 40% - 0:50
44 Defense
1 - 54% - 60% - 1:54
2 - 46% - 40% - 1:37
Last Minute Offensive - 0:00
Last Minute Defensive - 0:00
Total
Forward - 60:00
Defense - 60:00
|
% Time on Ice - Coyotes
Lines # - Real PCT - Wanted PCT - Time Play
Normal Forward
1 - 38% - 40% - 15:36
2 - 25% - 30% - 10:16
3 - 21% - 20% - 8:51
4 - 16% - 10% - 6:39
Normal Defense
1 - 41% - 40% - 17:03
2 - 34% - 30% - 14:14
3 - 22% - 20% - 9:09
4 - 2% - 10% - 0:56
PP Forward
1 - 62% - 60% - 4:40
2 - 38% - 40% - 2:50
PP Defense
1 - 55% - 60% - 4:08
2 - 45% - 40% - 3:22
PK Forward
1 - 80% - 60% - 5:55
2 - 20% - 40% - 1:28
PK Defense
1 - 66% - 60% - 4:54
2 - 34% - 40% - 2:29
PK3 Forward
1 - 0% - 60%
2 - 0% - 40%
PK3 Defense
1 - 0% - 60%
2 - 0% - 40%
44 Forward
1 - 70% - 60% - 2:27
2 - 30% - 40% - 1:04
44 Defense
1 - 58% - 60% - 2:03
2 - 42% - 40% - 1:28
Last Minute Offensive - 0:00
Last Minute Defensive - 0:14
Total
Forward - 60:00
Defense - 60:00
|
Play by Play
1st period
0:01 of 1st period - Jason Spezza wins face-off versus Tim Connolly in neutral zone.
0:04 of 1st period - Marian Gaborik is hit by Martin Havlat.
0:43 of 1st period - Shawn Horcoff is hit by Bill Guerin and loses puck.
0:50 of 1st period - Wrist shot by Shawn Horcoff.
0:50 of 1st period - Stopped by Ryan Miller without a rebound.
0:51 of 1st period - Mike Richards wins face-off versus Maxim Lapierre in Coyotes zone.
1:56 of 1st period - Jiri Fischer is hit by Donald Brashear and loses puck.
3:29 of 1st period - Icing by Drew Miller.
3:30 of 1st period - Shawn Horcoff wins face-off versus Drew Miller in Coyotes zone.
3:35 of 1st period - Slapshot by Kim Johnsson.
3:35 of 1st period - Stopped by Ryan Miller with a rebound.
3:55 of 1st period - Tom Poti is hit by Kim Johnsson.
3:58 of 1st period - Off-side.
3:59 of 1st period - Brian Sutherby wins face-off versus Tim Connolly in neutral zone.
4:06 of 1st period - Wrist shot by Lubos Bartecko.
4:06 of 1st period - Deflect By Brian Sutherby.
4:06 of 1st period - Shot Misses the Net.
4:06 of 1st period - Puck is out of play.
4:07 of 1st period - Mike Richards wins face-off versus Tim Connolly in Coyotes zone.
4:41 of 1st period - Backhand shot by Martin Havlat.
4:41 of 1st period - Stopped by Ryan Miller without a rebound.
4:42 of 1st period - Shawn Horcoff wins face-off versus Tim Connolly in Coyotes zone.
4:47 of 1st period - Snap shot by Donald Brashear.
4:47 of 1st period - Stopped by Ryan Miller without a rebound.
4:48 of 1st period - Shawn Horcoff wins face-off versus Tim Connolly in Coyotes zone.
4:55 of 1st period - Wrist shot by Donald Brashear.
4:55 of 1st period - Stopped by Ryan Miller with a rebound.
4:57 of 1st period - Wrist shot by Kim Johnsson.
4:57 of 1st period - Deflect By Brenden Morrow.
4:57 of 1st period - Stopped by Ryan Miller with a rebound.
4:59 of 1st period - Slapshot by Shawn Horcoff.
4:59 of 1st period - Shot Blocked by Tom Poti.
5:09 of 1st period - Minor Penalty to Brenden Morrow for Holding Stick.
5:10 of 1st period - Jason Spezza wins face-off versus Chad Larose in Coyotes zone.
5:11 of 1st period - Snap shot by Rick Nash.
5:11 of 1st period - Shot Misses the Net.
5:13 of 1st period - Wrist shot by Martin Havlat.
5:13 of 1st period - Stopped by Ryan Miller without a rebound.
5:14 of 1st period - Chad Larose wins face-off versus Martin Havlat in Coyotes zone.
5:23 of 1st period - Wrist shot by Rick Nash.
5:23 of 1st period - Stopped by Ryan Miller without a rebound.
5:24 of 1st period - Chad Larose wins face-off versus Jason Spezza in Coyotes zone.
5:29 of 1st period - Minor Penalty to Rick Nash for Holding Stick.
5:30 of 1st period - Tim Connolly wins face-off versus Jason Spezza in Red Wings zone.
5:39 of 1st period - Wrist shot by Marian Gaborik.
5:39 of 1st period - Shot Blocked by Shea Weber.
6:23 of 1st period - Tim Connolly is hit by Martin Havlat and loses puck.
6:42 of 1st period - Snap shot by Mike Richards.
6:42 of 1st period - Shot Blocked by Marian Gaborik.
7:09 of 1st period - Penalty to Brenden Morrow is over, Brenden Morrow is back on ice.
7:29 of 1st period - Penalty to Rick Nash is over, Rick Nash is back on ice.
7:31 of 1st period - Icing by Denis Grebeshkov.
7:32 of 1st period - Mike Richards wins face-off versus Sergei Samsonov in Coyotes zone.
7:33 of 1st period - Slapshot by Sean Bergenheim.
7:33 of 1st period - Deflect By Sergei Samsonov.
7:33 of 1st period - Shot Blocked by Craig Adams.
7:33 of 1st period - Puck is out of play.
7:34 of 1st period - Tim Connolly wins face-off versus Mike Richards in Coyotes zone.
7:59 of 1st period - Kurt Sauer is hit by Glen Murray and loses puck.
8:18 of 1st period - Minor Penalty to Marian Gaborik for Tripping.
8:19 of 1st period - Chad Larose wins face-off versus Jason Spezza in Coyotes zone.
8:32 of 1st period - Wrist shot by Jason Spezza.
8:32 of 1st period - Shot Misses the Net.
8:34 of 1st period - Snap shot by Rick Nash.
8:34 of 1st period - Deflect By Jason Spezza.
8:34 of 1st period - Shot Misses the Net.
8:34 of 1st period - Puck is out of play.
8:35 of 1st period - Martin Havlat wins face-off versus Chad Larose in Coyotes zone.
9:00 of 1st period - Slapshot by Donald Brashear.
9:00 of 1st period - Shot Blocked by Drew Miller.
9:02 of 1st period - Slapshot by Paul Martin.
9:02 of 1st period - Deflect By Chad Larose.
9:02 of 1st period - Stopped by Ryan Miller with a rebound.
9:04 of 1st period - Slapshot by Christian Laflamme.
9:04 of 1st period - Shot Blocked by Chad Larose.
9:06 of 1st period - Snap shot by Paul Martin.
9:06 of 1st period - Stopped by Ryan Miller without a rebound.
9:07 of 1st period - Jason Spezza wins face-off versus Frans Nielsen in Coyotes zone.
9:21 of 1st period - Off-side.
9:22 of 1st period - Jason Spezza wins face-off versus Frans Nielsen in neutral zone.
9:25 of 1st period - Slapshot by Shea Weber.
9:25 of 1st period - Deflect By Frans Nielsen.
9:25 of 1st period - Stopped by Ryan Miller with a rebound.
10:18 of 1st period - Penalty to Marian Gaborik is over, Marian Gaborik is back on ice.
10:56 of 1st period - Snap shot by Lubos Bartecko.
10:56 of 1st period - Shot Misses the Net.
11:20 of 1st period - Snap shot by Brian Sutherby.
11:20 of 1st period - Shot Misses the Net.
11:22 of 1st period - Slapshot by Paul Martin.
11:22 of 1st period - Shot Misses the Net.
11:24 of 1st period - Snap shot by Christian Laflamme.
11:24 of 1st period - Shot Blocked by Jiri Fischer.
11:26 of 1st period - Slapshot by Christian Laflamme.
11:26 of 1st period - Shot Misses the Net.
11:28 of 1st period - Slapshot by Paul Martin.
11:28 of 1st period - Shot Blocked by Jiri Fischer.
12:18 of 1st period - Minor Penalty to Peter Schaefer for Holding.
12:19 of 1st period - Tim Connolly wins face-off versus Jason Spezza in Red Wings zone.
13:34 of 1st period - Wrist shot by Donald Brashear.
13:34 of 1st period - Shot Blocked by Denis Grebeshkov.
14:03 of 1st period - Tim Connolly is hit by Rick Nash and loses puck.
14:18 of 1st period - Penalty to Peter Schaefer is over, Peter Schaefer is back on ice.
14:35 of 1st period - Martin Havlat is hit by Craig Adams.
14:45 of 1st period - Snap shot by Martin Havlat.
14:45 of 1st period - Deflect By Donald Brashear.
14:45 of 1st period - Stopped by Ryan Miller with a rebound.
15:16 of 1st period - Snap shot by Sean Bergenheim.
15:16 of 1st period - Deflect By Mike Richards.
15:16 of 1st period - Stopped by Ryan Miller without a rebound.
15:17 of 1st period - Frans Nielsen wins face-off versus Mike Richards in Coyotes zone.
15:27 of 1st period - Minor Penalty to Nathan Horton for Tripping.
15:28 of 1st period - Jason Spezza wins face-off versus Tim Connolly in Red Wings zone.
15:40 of 1st period - Slapshot by Marian Gaborik.
15:40 of 1st period - Shot Hit the Post.
15:42 of 1st period - Slapshot by Denis Grebeshkov.
15:42 of 1st period - Shot Hit the Post.
15:44 of 1st period - Wrist shot by Tim Connolly.
15:44 of 1st period - Goal by Tim Connolly - Red Wings : 0 - Coyotes : 1.
15:45 of 1st period - Tim Connolly wins face-off versus Jason Spezza in neutral zone.
16:22 of 1st period - Wrist shot by Shawn Horcoff.
16:22 of 1st period - Shot Blocked by Kurt Sauer.
16:28 of 1st period - Minor Penalty to Frans Nielsen for High sticking.
16:29 of 1st period - Jason Spezza wins face-off versus Chad Larose in Coyotes zone.
16:36 of 1st period - Wrist shot by Martin Havlat.
16:36 of 1st period - Deflect By Chad Larose.
16:36 of 1st period - Shot Blocked by Denis Grebeshkov.
16:36 of 1st period - Puck is out of play.
16:37 of 1st period - Chad Larose wins face-off versus Jason Spezza in Coyotes zone.
17:03 of 1st period - Icing by Rick Nash.
17:04 of 1st period - Joël Perrault wins face-off versus Jason Spezza in Red Wings zone.
17:15 of 1st period - Slapshot by Jason Spezza.
17:15 of 1st period - Goal by Jason Spezza - Red Wings : 1 - Coyotes : 1.
17:16 of 1st period - Jason Spezza wins face-off versus Tim Connolly in neutral zone.
17:28 of 1st period - Snap shot by Martin Havlat.
17:28 of 1st period - Goal by Martin Havlat - Red Wings : 2 - Coyotes : 1.
17:29 of 1st period - Tim Connolly wins face-off versus Jason Spezza in neutral zone.
17:34 of 1st period - Snap shot by Brenden Morrow.
17:34 of 1st period - Shot Misses the Net.
18:19 of 1st period - Sergei Samsonov is hit by Jonathan Sigalet and loses puck.
19:12 of 1st period - Glen Murray is hit by Tim Connolly and loses puck.
19:27 of 1st period - Wrist shot by Frans Nielsen.
19:27 of 1st period - Stopped by Jonathan Quick with a rebound.
19:29 of 1st period - Snap shot by Drew Miller.
19:29 of 1st period - Stopped by Jonathan Quick without a rebound.
19:30 of 1st period - Frans Nielsen wins face-off versus Jason Spezza in Red Wings zone.
19:57 of 1st period - Tom Poti is hit by Shea Weber and loses puck.
Goals for this period are 2 for Red Wings vs 1 for Coyotes.
Shots for this period are 15 for Red Wings vs 3 for Coyotes.
2nd period
0:01 of 2nd period - Rick Nash wins face-off versus Brenden Morrow in neutral zone.
0:09 of 2nd period - Kurt Sauer is hit by Shea Weber and loses puck.
0:19 of 2nd period - Minor Penalty to Martin Havlat for Hooking.
0:20 of 2nd period - Tim Connolly wins face-off versus Jason Spezza in Red Wings zone.
0:22 of 2nd period - Snap shot by Tim Connolly.
0:22 of 2nd period - Shot Blocked by Kim Johnsson.
0:32 of 2nd period - Slapshot by Marian Gaborik.
0:32 of 2nd period - Goal by Marian Gaborik - Red Wings : 2 - Coyotes : 2.
0:33 of 2nd period - Tim Connolly wins face-off versus Jason Spezza in neutral zone.
0:40 of 2nd period - Snap shot by Tim Connolly.
0:40 of 2nd period - Stopped by Jonathan Quick without a rebound.
0:41 of 2nd period - Tim Connolly wins face-off versus Jason Spezza in Red Wings zone.
0:51 of 2nd period - Icing by Kim Johnsson.
0:52 of 2nd period - Jason Spezza wins face-off versus Tim Connolly in Red Wings zone.
0:57 of 2nd period - Wrist shot by Tim Connolly.
0:57 of 2nd period - Stopped by Jonathan Quick with a rebound.
1:05 of 2nd period - Wrist shot by Jason Spezza.
1:05 of 2nd period - Deflect By Rick Nash.
1:05 of 2nd period - Stopped by Ryan Miller with a rebound.
1:15 of 2nd period - Slapshot by Jason Spezza.
1:15 of 2nd period - Shot Blocked by Tom Poti.
1:17 of 2nd period - Snap shot by Martin Havlat.
1:17 of 2nd period - Stopped by Ryan Miller without a rebound.
1:18 of 2nd period - Frans Nielsen wins face-off versus Shawn Horcoff in Coyotes zone.
1:25 of 2nd period - Wrist shot by Drew Miller.
1:25 of 2nd period - Stopped by Jonathan Quick without a rebound.
1:26 of 2nd period - Tim Connolly wins face-off versus Shawn Horcoff in Red Wings zone.
1:39 of 2nd period - Snap shot by Tim Connolly.
1:39 of 2nd period - Stopped by Jonathan Quick with a rebound.
1:41 of 2nd period - Snap shot by Marian Gaborik.
1:41 of 2nd period - Stopped by Jonathan Quick with a rebound.
1:53 of 2nd period - Lukas Krajicek is hit by Rick Nash and loses puck.
2:14 of 2nd period - Slapshot by Nathan Horton.
2:14 of 2nd period - Shot Misses the Net.
2:16 of 2nd period - Snap shot by Sean Bergenheim.
2:16 of 2nd period - Stopped by Ryan Miller with a rebound.
2:20 of 2nd period - Wrist shot by Nathan Horton.
2:20 of 2nd period - Stopped by Ryan Miller without a rebound.
2:21 of 2nd period - Shawn Horcoff wins face-off versus Tim Connolly in Coyotes zone.
2:30 of 2nd period - Snap shot by Donald Brashear.
2:30 of 2nd period - Stopped by Ryan Miller with a rebound.
2:32 of 2nd period - Minor Penalty to Tom Poti for High sticking.
2:33 of 2nd period - Chad Larose wins face-off versus Jason Spezza in Coyotes zone.
4:00 of 2nd period - Martin Havlat is hit by Brenden Morrow and loses puck.
4:15 of 2nd period - Drew Miller is hit by Shea Weber and loses puck.
4:32 of 2nd period - Penalty to Tom Poti is over, Tom Poti is back on ice.
4:35 of 2nd period - Icing by Donald Brashear.
4:36 of 2nd period - Mike Richards wins face-off versus Tim Connolly in Red Wings zone.
4:39 of 2nd period - Snap shot by Tim Connolly.
4:39 of 2nd period - Shot Misses the Net.
4:41 of 2nd period - Slapshot by Lukas Krajicek.
4:41 of 2nd period - Stopped by Jonathan Quick with a rebound.
4:43 of 2nd period - Snap shot by Brenden Morrow.
4:43 of 2nd period - Goal by Brenden Morrow - Red Wings : 2 - Coyotes : 3.
4:44 of 2nd period - Jason Spezza wins face-off versus Brenden Morrow in neutral zone.
4:47 of 2nd period - Slapshot by Jason Spezza.
4:47 of 2nd period - Stopped by Ryan Miller with a rebound.
4:53 of 2nd period - Snap shot by Brenden Morrow.
4:53 of 2nd period - Shot Misses the Net.
4:55 of 2nd period - Slapshot by Tom Poti.
4:55 of 2nd period - Stopped by Jonathan Quick with a rebound.
4:57 of 2nd period - Slapshot by Kurt Sauer.
4:57 of 2nd period - Stopped by Jonathan Quick with a rebound.
5:11 of 2nd period - Paul Martin is hit by Frans Nielsen and loses puck.
5:22 of 2nd period - Wrist shot by Drew Miller.
5:22 of 2nd period - Stopped by Jonathan Quick with a rebound.
5:33 of 2nd period - Off-side.
5:34 of 2nd period - Maxim Lapierre wins face-off versus Mike Richards in neutral zone.
6:05 of 2nd period - Wrist shot by Brenden Morrow.
6:05 of 2nd period - Shot Blocked by Shea Weber.
6:07 of 2nd period - Slapshot by Brenden Morrow.
6:07 of 2nd period - Shot Misses the Net.
6:09 of 2nd period - Snap shot by Marian Gaborik.
6:09 of 2nd period - Stopped by Jonathan Quick without a rebound.
6:10 of 2nd period - Frans Nielsen wins face-off versus Shawn Horcoff in Red Wings zone.
6:13 of 2nd period - Wrist shot by Frans Nielsen.
6:13 of 2nd period - Shot Misses the Net.
6:35 of 2nd period - Martin Havlat is hit by Tim Connolly.
6:45 of 2nd period - Snap shot by Jason Spezza.
6:45 of 2nd period - Shot Misses the Net.
7:03 of 2nd period - Snap shot by Sergei Samsonov.
7:03 of 2nd period - Shot Blocked by Maxim Kondratiev.
7:30 of 2nd period - Wrist shot by Riley Cote.
7:30 of 2nd period - Shot Misses the Net.
7:47 of 2nd period - Snap shot by Glen Murray.
7:47 of 2nd period - Shot Misses the Net.
7:49 of 2nd period - Snap shot by Shawn Horcoff.
7:49 of 2nd period - Shot Misses the Net.
8:03 of 2nd period - Paul Martin is hit by Marian Gaborik and loses puck.
8:14 of 2nd period - Snap shot by Tim Connolly.
8:14 of 2nd period - Shot Misses the Net.
9:57 of 2nd period - Brian Sutherby is hit by Tom Poti and loses puck.
11:05 of 2nd period - Shea Weber is hit by Riley Cote and loses puck.
11:20 of 2nd period - Slapshot by Craig Adams.
11:20 of 2nd period - Shot Misses the Net.
11:22 of 2nd period - Wrist shot by Tom Poti.
11:22 of 2nd period - Deflect By Craig Adams.
11:22 of 2nd period - Stopped by Jonathan Quick without a rebound.
11:23 of 2nd period - Shawn Horcoff wins face-off versus Tim Connolly in Red Wings zone.
11:46 of 2nd period - Snap shot by Shawn Horcoff.
11:46 of 2nd period - Stopped by Ryan Miller with a rebound.
12:14 of 2nd period - Donald Brashear is hit by Marian Gaborik and loses puck.
12:19 of 2nd period - Backhand shot by Brenden Morrow.
12:19 of 2nd period - Shot Misses the Net.
12:21 of 2nd period - Snap shot by Marian Gaborik.
12:21 of 2nd period - Goal by Marian Gaborik - Red Wings : 2 - Coyotes : 4.
12:21 of 2nd period - Robert Esche enters game.
12:22 of 2nd period - Jason Spezza wins face-off versus Frans Nielsen in neutral zone.
12:55 of 2nd period - Slapshot by Tom Poti.
12:55 of 2nd period - Stopped by Robert Esche without a rebound.
12:56 of 2nd period - Tim Connolly wins face-off versus Peter Schaefer in Red Wings zone.
13:00 of 2nd period - Icing by Christian Laflamme.
13:01 of 2nd period - Brian Sutherby wins face-off versus Tim Connolly in Red Wings zone.
13:30 of 2nd period - Snap shot by Brian Sutherby.
13:30 of 2nd period - Stopped by Ryan Miller with a rebound.
13:39 of 2nd period - Minor Penalty to Peter Schaefer for Roughing.
13:40 of 2nd period - Frans Nielsen wins face-off versus Jason Spezza in Red Wings zone.
13:46 of 2nd period - Minor Penalty to Bill Guerin for Holding.
13:47 of 2nd period - Tim Connolly wins face-off versus Jason Spezza in Coyotes zone.
13:58 of 2nd period - Snap shot by Marian Gaborik.
13:58 of 2nd period - Shot Misses the Net.
14:26 of 2nd period - Snap shot by Brenden Morrow.
14:26 of 2nd period - Stopped by Robert Esche with a rebound.
14:44 of 2nd period - Sergei Samsonov is hit by Donald Brashear and loses puck.
15:13 of 2nd period - Brenden Morrow is hit by Sean Bergenheim and loses puck.
15:39 of 2nd period - Penalty to Peter Schaefer is over, Peter Schaefer is back on ice.
15:46 of 2nd period - Penalty to Bill Guerin is over, Bill Guerin is back on ice.
15:48 of 2nd period - Wrist shot by Shawn Horcoff.
15:48 of 2nd period - Stopped by Ryan Miller without a rebound.
15:49 of 2nd period - Frans Nielsen wins face-off versus Shawn Horcoff in Coyotes zone.
16:33 of 2nd period - Wrist shot by Marian Gaborik.
16:33 of 2nd period - Shot Blocked by Rick Nash.
18:18 of 2nd period - Minor Penalty to Chad Larose for Holding.
18:19 of 2nd period - Jason Spezza wins face-off versus Craig Adams in Coyotes zone.
18:20 of 2nd period - Wrist shot by Rick Nash.
18:20 of 2nd period - Shot Misses the Net.
18:22 of 2nd period - Snap shot by Martin Havlat.
18:22 of 2nd period - Shot Misses the Net.
18:24 of 2nd period - Slapshot by Rick Nash.
18:24 of 2nd period - Shot Blocked by Tom Poti.
18:26 of 2nd period - Wrist shot by Martin Havlat.
18:26 of 2nd period - Shot Misses the Net.
18:28 of 2nd period - Slapshot by Kim Johnsson.
18:28 of 2nd period - Shot Misses the Net.
18:30 of 2nd period - Slapshot by Shea Weber.
18:30 of 2nd period - Stopped by Ryan Miller without a rebound.
18:31 of 2nd period - Jason Spezza wins face-off versus Craig Adams in Coyotes zone.
18:32 of 2nd period - Snap shot by Rick Nash.
18:32 of 2nd period - Stopped by Ryan Miller with a rebound.
18:34 of 2nd period - Wrist shot by Martin Havlat.
18:34 of 2nd period - Stopped by Ryan Miller without a rebound.
18:35 of 2nd period - Jason Spezza wins face-off versus Craig Adams in Coyotes zone.
Goals for this period are 0 for Red Wings vs 3 for Coyotes.
Shots for this period are 12 for Red Wings vs 16 for Coyotes.
3rd period
0:01 of 3rd period - Craig Adams wins face-off versus Jason Spezza in neutral zone.
0:18 of 3rd period - Penalty to Chad Larose is over, Chad Larose is back on ice.
0:26 of 3rd period - Tom Poti is hit by Shawn Horcoff and loses puck.
0:47 of 3rd period - Slapshot by Tom Poti.
0:47 of 3rd period - Shot Misses the Net.
0:49 of 3rd period - Snap shot by Chad Larose.
0:49 of 3rd period - Stopped by Robert Esche with a rebound.
1:01 of 3rd period - Minor Penalty to Nathan Horton for Holding.
1:02 of 3rd period - Jason Spezza wins face-off versus Tim Connolly in Red Wings zone.
1:15 of 3rd period - Backhand shot by Jason Spezza.
1:15 of 3rd period - Shot Misses the Net.
1:17 of 3rd period - Snap shot by Kim Johnsson.
1:17 of 3rd period - Stopped by Ryan Miller without a rebound.
1:18 of 3rd period - Jason Spezza wins face-off versus Tim Connolly in Coyotes zone.
1:26 of 3rd period - Off-side.
1:27 of 3rd period - Tim Connolly wins face-off versus Rick Nash in neutral zone.
2:08 of 3rd period - Wrist shot by Drew Miller.
2:08 of 3rd period - Shot Misses the Net.
2:29 of 3rd period - Slapshot by Tom Poti.
2:29 of 3rd period - Stopped by Robert Esche with a rebound.
2:35 of 3rd period - Slapshot by Drew Miller.
2:35 of 3rd period - Stopped by Robert Esche with a rebound.
2:37 of 3rd period - Slapshot by Tom Poti.
2:37 of 3rd period - Shot Misses the Net.
2:39 of 3rd period - Wrist shot by Frans Nielsen.
2:39 of 3rd period - Shot Misses the Net.
2:41 of 3rd period - Wrist shot by Drew Miller.
2:41 of 3rd period - Stopped by Robert Esche without a rebound.
2:42 of 3rd period - Tim Connolly wins face-off versus Jason Spezza in Red Wings zone.
2:45 of 3rd period - Snap shot by Brenden Morrow.
2:45 of 3rd period - Shot Blocked by Paul Martin.
3:01 of 3rd period - Penalty to Nathan Horton is over, Nathan Horton is back on ice.
3:07 of 3rd period - Christian Laflamme is hit by Riley Cote and loses puck.
3:34 of 3rd period - Snap shot by Donald Brashear.
3:34 of 3rd period - Shot Blocked by Craig Adams.
3:36 of 3rd period - Wrist shot by Donald Brashear.
3:36 of 3rd period - Stopped by Ryan Miller without a rebound.
3:37 of 3rd period - Brian Sutherby wins face-off versus Tim Connolly in Coyotes zone.
4:33 of 3rd period - Slapshot by Brian Sutherby.
4:33 of 3rd period - Goal by Brian Sutherby - Red Wings : 3 - Coyotes : 4.
4:34 of 3rd period - Jason Spezza wins face-off versus Tim Connolly in neutral zone.
5:03 of 3rd period - Snap shot by Drew Miller.
5:03 of 3rd period - Shot Misses the Net.
6:05 of 3rd period - Wrist shot by Brian Sutherby.
6:05 of 3rd period - Shot Misses the Net.
6:25 of 3rd period - Jiri Fischer is hit by Glen Murray and loses puck.
6:34 of 3rd period - Backhand shot by Shawn Horcoff.
6:34 of 3rd period - Stopped by Ryan Miller with a rebound.
6:44 of 3rd period - Slapshot by Mike Richards.
6:44 of 3rd period - Shot Blocked by Jiri Fischer.
7:04 of 3rd period - Riley Cote is hit by Christian Laflamme and loses puck.
7:31 of 3rd period - Snap shot by Tim Connolly.
7:31 of 3rd period - Shot Hit the Post.
7:53 of 3rd period - Snap shot by Glen Murray.
7:53 of 3rd period - Stopped by Ryan Miller with a rebound.
7:55 of 3rd period - Snap shot by Donald Brashear.
7:55 of 3rd period - Shot Misses the Net.
8:11 of 3rd period - Wrist shot by Sergei Samsonov.
8:11 of 3rd period - Shot Misses the Net.
8:13 of 3rd period - Slapshot by Tom Poti.
8:13 of 3rd period - Shot Blocked by Sean Bergenheim.
8:15 of 3rd period - Snap shot by Maxim Lapierre.
8:15 of 3rd period - Shot Misses the Net.
8:57 of 3rd period - Rick Nash is hit by Riley Cote and loses puck.
9:05 of 3rd period - Icing by Shea Weber.
9:06 of 3rd period - Jason Spezza wins face-off versus Frans Nielsen in Red Wings zone.
9:57 of 3rd period - Sergei Samsonov is hit by Jonathan Sigalet and loses puck.
10:30 of 3rd period - Wrist shot by Mike Richards.
10:30 of 3rd period - Shot Misses the Net.
10:32 of 3rd period - Slapshot by Christian Laflamme.
10:32 of 3rd period - Stopped by Ryan Miller without a rebound.
10:33 of 3rd period - Tim Connolly wins face-off versus Jason Spezza in Coyotes zone.
10:33 of 3rd period - Tim Connolly is hit by Martin Havlat.
10:47 of 3rd period - Backhand shot by Brenden Morrow.
10:47 of 3rd period - Stopped by Robert Esche with a rebound.
10:49 of 3rd period - Wrist shot by Brenden Morrow.
10:49 of 3rd period - Goal by Brenden Morrow - Red Wings : 3 - Coyotes : 5.
10:50 of 3rd period - Tim Connolly wins face-off versus Jason Spezza in neutral zone.
11:22 of 3rd period - Wrist shot by Marian Gaborik.
11:22 of 3rd period - Shot Blocked by Mike Richards.
12:07 of 3rd period - Minor Penalty to Bill Guerin for High sticking.
12:08 of 3rd period - Rick Nash wins face-off versus Chad Larose in Coyotes zone.
12:19 of 3rd period - Wrist shot by Rick Nash.
12:19 of 3rd period - Goal by Rick Nash - Red Wings : 4 - Coyotes : 5.
12:20 of 3rd period - Jason Spezza wins face-off versus Frans Nielsen in neutral zone.
12:34 of 3rd period - Kurt Sauer is hit by Jason Spezza.
12:52 of 3rd period - Slapshot by Donald Brashear.
12:52 of 3rd period - Deflect By Shawn Horcoff.
12:52 of 3rd period - Stopped by Ryan Miller without a rebound.
12:53 of 3rd period - Tim Connolly wins face-off versus Jason Spezza in Coyotes zone.
13:18 of 3rd period - Slapshot by Sergei Samsonov.
13:18 of 3rd period - Stopped by Robert Esche with a rebound.
13:40 of 3rd period - Snap shot by Donald Brashear.
13:40 of 3rd period - Shot Blocked by Lukas Krajicek.
15:18 of 3rd period - Minor Penalty to Jason Spezza for Hooking.
15:19 of 3rd period - Nathan Horton wins face-off versus Tim Connolly in Red Wings zone.
15:25 of 3rd period - Icing by Denis Grebeshkov.
15:26 of 3rd period - Tim Connolly wins face-off versus Nathan Horton in Coyotes zone.
15:36 of 3rd period - Off-side.
15:37 of 3rd period - Tim Connolly wins face-off versus Nathan Horton in neutral zone.
15:40 of 3rd period - Shea Weber is hit by Tom Poti.
15:52 of 3rd period - Slapshot by Tim Connolly.
15:52 of 3rd period - Shot Misses the Net.
17:18 of 3rd period - Penalty to Jason Spezza is over, Jason Spezza is back on ice.
18:20 of 3rd period - Tom Poti is hit by Martin Havlat and loses puck.
18:57 of 3rd period - Slapshot by Joël Perrault.
18:57 of 3rd period - Shot Misses the Net.
19:02 of 3rd period - Minor Penalty to Jonathan Sigalet for High sticking.
19:03 of 3rd period - Tim Connolly wins face-off versus Jason Spezza in Red Wings zone.
19:05 of 3rd period - Snap shot by Tim Connolly.
19:05 of 3rd period - Stopped by Robert Esche without a rebound.
19:06 of 3rd period - Terry Murray call a timeout for Red Wings.
19:06 of 3rd period - Jason Spezza wins face-off versus Brenden Morrow in Red Wings zone.
19:19 of 3rd period - Snap shot by Brenden Morrow.
19:19 of 3rd period - Stopped by Robert Esche with a rebound.
19:36 of 3rd period - Slapshot by Lukas Krajicek.
19:36 of 3rd period - Shot Misses the Net.
19:38 of 3rd period - Snap shot by Lukas Krajicek.
19:38 of 3rd period - Goal by Lukas Krajicek - Red Wings : 4 - Coyotes : 6.
19:39 of 3rd period - Maxim Lapierre wins face-off versus Mike Richards in neutral zone.
19:54 of 3rd period - Wrist shot by Nathan Horton.
19:54 of 3rd period - Shot Misses the Net.
Goals for this period are 2 for Red Wings vs 2 for Coyotes.
Shots for this period are 8 for Red Wings vs 10 for Coyotes.
Output by the SimonT Hockey Simulator (STHS) for François Prévost -- Original Page W3C XHTML 1.0 Valid